 Dungeon Crawl Stone Soup version 0.18-a0-946-g3ac5b32 (webtiles) character file.

9 Yawgmoth the Digger (level 2, -1/16 HPs)
             Began as a Gargoyle Earth Elementalist on Dec 29, 2015.
             Slain by a giant newt (3 damage)
             ... on level 1 of the Dungeon.
             The game lasted 00:01:50 (439 turns).

Yawgmoth the Digger (Gargoyle Earth Elementalist)    Turns: 439, Time: 00:01:50

Health: -1/16      AC:  4    Str: 11    XL:     2   Next: 12%
Magic:  5/5        EV:  9    Int: 15    God:
Gold:   48         SH:  0    Dex: 10    Spells: 1 memorised, 4 levels left

rFire  . . .     SeeInvis .     f - +0 whip
rCold  . . .     Gourm    .     a - +0 robe
rNeg   + . .     Faith    .     (no shield)
rPois  ∞         Spirit   .     (no helmet)
rElec  +         Dismiss  .     (no cloak)
rCorr  .         Reflect  .     (no gloves)
SustAt .         Harm     .     (no boots)
MR     .....                    (no amulet)
Stlth  ++........               (no ring)
                                (no ring)

@: constricted, not resistant to hostile enchantments, unstealthy
A: negative energy resistance 1, electricity resistance, unbreathing,
petrification resistance, rot immunity, AC +2
a: no special abilities


You were on level 1 of the Dungeon.
You were not hungry.

You visited 1 branch of the dungeon, and saw 1 of its levels.

You collected 48 gold pieces.

Inventory:

Hand Weapons
 f - a +0 whip (weapon)
Missiles
 b - 31 stones (quivered)
 k - 2 tomahawks
Armour
 a - a +0 robe (worn)
Scrolls
 i - a scroll of enchant armour {unknown}
 j - 2 scrolls of identify {unknown}
Potions
 e - 3 potions of heal wounds {unknown}
 g - a potion of invisibility {unknown}
Books
 c - a book of Geomancy

   Spells                             Type                      Level
   a - Sandblast                      Earth                        1
   b - Stoneskin                      Transmutation/Earth          2
   c - Passwall                       Transmutation/Earth          3
   d - Stone Arrow                    Conjuration/Earth            3
   e - Petrify                        Transmutation/Earth          4
   f - Lee's Rapid Deconstruction     Earth                        5
Comestibles
 d - a bread ration


   Skills:
 + Level 0.9 Fighting
 - Level 1.5 Dodging
 - Level 2.2 Stealth
 + Level 2.0 Spellcasting
   Level 0.7 Transmutations
 + Level 4.0 Earth Magic


You had 4 spell levels left.
You knew the following spells:

 Your Spells              Type           Power        Failure   Level  Hunger
a - Sandblast             Erth           ##....       4%          1    #......


Dungeon Overview and Level Annotations

Branches:
Dungeon (1/15)

Altars:


Innate Abilities, Weirdness & Mutations

You are resistant to torment.
Your stone body is resilient (AC +2).
You are immune to poison.
You resist negative energy.
You are resistant to electric shocks.
You can survive without breathing.
You are immune to petrification.
You are immune to rotting.


Message History

You are too injured to fight recklessly!
You are too injured to fight recklessly!
You are too injured to fight recklessly!
You are too injured to fight recklessly!
You are too injured to fight recklessly!
You hit the giant gecko.
You kill the giant gecko!
You miss the giant newt. The giant newt bites you.
* * * LOW HITPOINT WARNING * * *
The ball python closely misses you. The ball python barely misses you.
You barely miss the giant newt. The giant newt bites you.
* * * LOW HITPOINT WARNING * * *
The ball python bites you but does no damage.
The ball python grabs you. The ball python constricts you.
The giant newt bites you but does no damage.
You hit the giant newt.
The giant newt is heavily wounded.
The ball python barely misses you. The ball python constricts you.
The giant newt bites you.
You die...

..........................
...........#...)..........
...$......................
........lg...####.PPPPPPPP
.............# #.PPPP....
........###..#


#.PPPlPPPP ........#gg.## #.PP.PPPPP ........#l### #.P.PPPPPP ........#@#
#.P.PPPPPP ........#S# #.P.PPPPPP .......##.# #.P.PPPPPP ..# ##P.PPPPP. .##
#PP.PPP.P #. ####PPP.PP.P #. ....PPPP.... #. ####PPP.PP.P #PP.PPP.P You could
see 2 hobgoblins, a ball python and a giant newt.

Vanquished Creatures
  2 hobgoblins (D:1)
  3 bats (D:1)
  A giant gecko (D:1)
  A giant newt (D:1)
  3 goblins (D:1)
10 creatures vanquished.

Vanquished Creatures (others)
  A plant (D:1)
1 creature vanquished.

Grand Total: 11 creatures vanquished

Notes
Turn   | Place    | Note
--------------------------------------------------------------
     0 | D:1      | Yawgmoth the Gargoyle Earth Elementalist began the quest for the Orb.
     0 | D:1      | Reached XP level 1. HP: 10/10 MP: 3/3
   371 | D:1      | Reached skill level 4 in Earth Magic
   376 | D:1      | Reached XP level 2. HP: 11/16 MP: 5/5
   439 | D:1      | Slain by a giant newt

Vault maps used:
D:1:      roderic_crop_circles_arrival_large, grunt_decor_mini_mirrors

Action                   || total
-------------------------++-------
Melee: Whip              ||    54
 Stab: Sleeping          ||     1
